 Dungeon Crawl Stone Soup version 0.28.0-53-g5a82cb258f (webtiles) character file.

Game seed: 1708543619959178838

772 Zeld the Changer (level 7, -1/68 HPs)
             Began as a Black Draconian Transmuter on May 21, 2022.
             Slain by Grinder (2 damage)
             ... on level 4 of the Dungeon.
             The game lasted 00:03:33 (4591 turns).

Zeld the Changer (Black Draconian Transmuter)       Turns: 4591, Time: 00:03:34

Health: -1/68      AC:  6    Str: 15    XL:     7   Next: 53%
Magic:  11/13      EV: 10    Int: 13    God:
Gold:   85         SH:  0    Dex: 11    Spells: 5/15 levels left

rFire   x . .      SeeInvis .     - Unarmed
rCold   + + +      Faith    .   (shield currently unavailable)
rNeg    . . .      Spirit   .   (armour unavailable)
rPois   +          Reflect  .   (helmet currently unavailable)
rElec   .          Harm     .   (cloak currently unavailable)
rCorr   .          Rampage  .   (gloves currently unavailable)
Will    .....                   (boots currently unavailable)
Stlth   +.........              (no amulet)
HPRegen 0.21/turn               (no ring)
MPRegen 0.13/turn               (no ring)

@: short of breath, ice-form
A: freezing attack, amphibious, boosted hp, (breathe lightning), AC +6, large,
unfitting armour, (electricity resistance), (cold-blooded)
a: End Transformation


You were on level 4 of the Dungeon.
You were a creature of crystalline ice.
You visited 1 branch of the dungeon, and saw 4 of its levels.

You collected 85 gold pieces.

Inventory:

Armour
 g - a +0 pair of boots (melded)
Scrolls
 a - 4 scrolls of vulnerability {unknown}
 c - 2 scrolls of identify {unknown}
 e - a scroll of enchant weapon {unknown}
 f - 2 scrolls of immolation {unknown}
 i - 2 scrolls of fear {unknown}
 j - a scroll of noise {unknown}
Potions
 b - a potion of berserk rage {unknown}
 d - a potion of haste {unknown}
 h - 2 potions of cancellation {unknown}


   Skills:
 + Level 3.5 Fighting
 + Level 3.2 Dodging
 - Level 3.0 Unarmed Combat
 * Level 4.5 Spellcasting
 * Level 4.7 Transmutations
 - Level 2.0 Ice Magic
 - Level 2.0 Poison Magic


You had 5 spell levels left.
You knew the following spells:

 Your Spells              Type           Power      Damage    Failure   Level
a - Beastly Appendage     Tmut           30%        N/A       2%          1
b - Wereblood             Tmut           15%        N/A       4%          2
c - Spider Form           Tmut/Pois      11%        N/A       14%         3
d - Ice Form              Ice/Tmut       11%        N/A       43%         4

Your spell library contained the following spells:

 Spells                   Type           Power      Damage    Failure   Level
 Foxfire                  Conj/Fire      8%         2x1d4     21%         1
 Conjure Flame            Conj/Fire      2%         6-21      52%         3
 Inner Flame              Hex/Fire       2%         N/A       52%         3
 Flame Wave               Conj/Fire      2%         2d4       89%         4


Dungeon Overview and Level Annotations

Branches:
Dungeon (4/15)
 Temple: D:4-7

Altars:
Dithmenos
Fedhas

Annotations:
D:4 Grinder


Innate Abilities, Weirdness & Mutations

You are a creature of crystalline ice.
You have a powerful freezing melee attack.
You are amphibious.
Your maximum health is increased.
Your armour is entirely melded.
You are incapable of wielding weapons or throwing items.
((You can breathe wild blasts of lightning.))
((Your glossy black scales are hard. (AC +6)))
You cannot fit into any form of body armour.
((You are resistant to electric shocks. (rElec)))
((You are cold-blooded and may be slowed by cold attacks.))


Message History

Pain shoots through your body!
* * * LOW HITPOINT WARNING * * *
Unknown command.
You completely miss Grinder.
Grinder is moderately wounded.
Grinder gestures at you. You resist with significant effort.
Unknown command.
You hit Grinder.
Grinder is moderately wounded.
Grinder hits you.
* * * LOW HITPOINT WARNING * * *
You writhe in agony.
* * * LOW HITPOINT WARNING * * *
Unknown command.
Unknown command.
You hit Grinder.
Grinder is heavily wounded.
Grinder barely misses you.
Unknown command.
Unknown command.
You closely miss Grinder.
Grinder is heavily wounded.
Grinder closely misses you.
Unknown command.
Unknown command.
You hit Grinder but do no damage.
Grinder is heavily wounded.
Grinder hits you but does no damage.
Unknown command.
You punch Grinder!
Grinder is almost dead.
Grinder gestures at you. Pain shoots through your body!
* * * LOW HITPOINT WARNING * * *
Unknown command.
You barely miss Grinder.
Grinder is almost dead.
Grinder hits you.
You die...

#.# #.#.... #.#
#[ ..... #.# ##
....... #.#
....... #.#
....... #5# #.#
#.#############
#..........Y)<#
#######....5).#
#.......#
#########


You could see Grinder.

Vanquished Creatures
  Pikel (D:3)
  A necrophage (D:3)
  An iguana (D:4)
  Natasha (thrice) (D:2)
  Robin (D:2)
  2 adders
  4 gnolls (D:4)
  An adder skeleton (D:2)
  A worm (D:4)
  An orc (D:3)
  A ball python (D:2)
  3 endoplasms
  4 giant cockroaches
  8 goblins
  10 hobgoblins
  6 kobolds
  2 quokkas (D:1)
  3 bats
  6 frilled lizards
  6 rats
65 creatures vanquished.

Notes
Turn   | Place    | Note
-------+----------+-------------------------------------------
     0 | D:1      | Zeld the Draconian Transmuter began the quest for the Orb.
     0 | D:1      | Reached XP level 1. HP: 16/16 MP: 3/3
   410 | D:1      | Reached XP level 2. HP: 19/23 MP: 3/5
   467 | D:1      | Learned a level 2 spell: Wereblood
   494 | D:1      | Found a faded altar of an unknown god.
  1051 | D:2      | Noticed Robin
  1381 | D:1      | Reached XP level 3. HP: 13/28 MP: 3/6
  1389 | D:1      | Learned a level 3 spell: Spider Form
  1816 | D:2      | Killed Robin
  2015 | D:2      | Noticed Natasha
  2022 | D:2      | Killed Natasha
  2023 | D:2      | Reached XP level 4. HP: 36/36 MP: 8/8
  2128 | D:2      | Noticed Natasha
  2142 | D:2      | Killed Natasha
  2143 | D:2      | Reached skill level 1 in Ice Magic
  2143 | D:2      | Reached skill level 1 in Poison Magic
  2292 | D:2      | Noticed Natasha
  2518 | D:2      | Killed Natasha
  2763 | D:3      | Found a blossoming altar of Fedhas.
  2868 | D:3      | Reached XP level 5. HP: 40/41 MP: 9/9
  2873 | D:3      | Learned a level 4 spell: Ice Form
  3041 | D:3      | Noticed a necrophage
  3050 | D:3      | Killed a necrophage
  3580 | D:4      | Found a shadowy altar of Dithmenos.
  3590 | D:4      | Reached XP level 6. HP: 38/49 MP: 5/11
  3905 | D:4      | Noticed Pikel
  3965 | D:3      | Killed Pikel
  3966 | D:3      | Your scales start taking on a glossy black colour.
  3966 | D:3      | Reached XP level 7. HP: 16/57 MP: 11/13
  3966 | D:3      | Gained mutation: You are resistant to electric shocks.
                  | (rElec) [Black Draconian growth]
  4324 | D:4      | Noticed Grinder
  4338 | D:4      | Paralysed by Grinder for 6 turns
  4353 | D:4      | Paralysed by Grinder for 6 turns
  4566 | D:4      | Paralysed by Grinder for 4 turns
  4576 | D:4      | Paralysed by Grinder for 7 turns
  4586 | D:4      | HP: 2/68 [Grinder (5)]
  4591 | D:4      | Slain by Grinder

Illustrated notes

Levels and vault maps discovered:
D:1:      elethiomel_arrival_shortcut, layout_basic,
          ebering_ecumenical_altar_abandoned, minmay_misc_feat_room,
          fountainhead
D:2:      layout_rooms, uniq_robin, uniq_natasha
D:3:      layout_rooms, fedhas_altar_2
D:4:      layout_basic, nicolae_dithmenos_the_darkroom, serial_bayou_lake_a,
          uniq_grinder, uniq_pikel

Skill      XL: |  1  2  3  4  5  6 |
---------------+-------------------+-----
Dodging        | 2 3 |  3.2
Ice Magic      | 1 2 |  2.0
Poison Magic   | 1 2 |  2.0
Spellcasting   | 3 4 |  4.5
Transmutations | 3 4 |  4.7
Fighting       | 2 3 |  3.5
Unarmed Combat | |  3.0

Action                   |  1- 3 |  4- 6 |  7- 9 || total
-------------------------+-------+-------+-------++-------
Melee: Unarmed           |   100 |   107 |    12 ||   219
       Kick              |    17 |     8 |       ||    25
       Tailslap          |     7 |     4 |       ||    11
       Headbutt          |     9 |    10 |       ||    19
       Punch             |     1 |     2 |       ||     3
 Cast: Beastly Appendage |    25 |    13 |       ||    38
       Wereblood         |     2 |       |       ||     2
       Spider Form       |     1 |     9 |     2 ||    12
       Ice Form          |       |     1 |     1 ||     2
 Abil: Breathe Lightning |       |       |     2 ||     2
 Stab: Sleeping          |     1 |       |       ||     1
Armor: Skin              |    42 |    22 |     1 ||    65
Dodge: Dodged            |    80 |    68 |     6 ||   154
